[Event "Titled Tuesday Blitz August 3 2021"]
[White "Brunner, Nicolas"]
[Black "Bures, Vit"]
[WhiteFideId "620246"]
[BlackFideId "309052"]
[WhiteElo "2372"]
[BlackElo "2131"]
[Result "1-0"]
[Round "11"]
[TimeControl "180+1"]
[Date "2021.08.03"]
[WhiteClock "0:00:11"]
[BlackClock "0:00:01"]

1. d4 d5 2. c4 c6 3. Nf3 Nf6 4. Nc3 e6 5. Bg5 dxc4 6. e4 b5 7. e5 h6 8. Bh4 g5 9. Nxg5 hxg5 10. Bxg5 Nbd7 11. g3 Bb7 12. Bg2 Qb6 13. exf6 O-O-O 14. O-O c5 15. d5 b4 16. Na4 Qb5 17. a3 Nb8 18. axb4 cxb4 19. Qg4 Bxd5 20. Rfc1 Nc6 21. Bxd5 Rxd5 22. Rxc4 Rxg5 23. Rxc6+ Kb7 24. Qf4 Kxc6 25. Rc1+ Rc5 26. Nxc5 Bxc5 27. Qe4+ Kb6 28. h4 Rd8 29. Qf4 Qe2 30. Kg2 Qxb2 31. Rxc5 Kxc5 32. Qc7+ Kb5 33. Qxd8 Qc3 34. Qb8+ Ka6 35. h5 b3 36. h6 b2 37. h7 Qc6+ 38. Kh2 Qb7 39. Qxb7+ Kxb7 40. h8=Q b1=Q 41. Qg7 Qe4 42. Qxf7+ Kb6 43. Qe7 Qf5 44. f7 Qxf2+ 45. Kh3 Qf5+ 46. Kh4 Qh7+ 47. Kg5 Qg7+ 48. Kf4 Qd4+ 49. Kf3 Qd3+ 50. Kg2 Qe2+ 51. Kh3 Qf1+ 52. Kh4 Qh1+ 53. Kg5 Qc1+ 54. Kg6 Qc2+ 55. Kg7 Qc3+ 56. Kh7 Qxg3 57. f8=Q Qh3+ 58. Qh6 1-0


[Site "https://www.chess.com"]

[Event "Titled Tuesday Blitz August 3 2021"]
[White "Chen, Max"]
[Black "Labussiere, Victor"]
[WhiteFideId "2622440"]
[BlackFideId "2183129"]
[WhiteElo "2455"]
[BlackElo "1921"]
[Result "1/2-1/2"]
[Round "11"]
[TimeControl "180+1"]
[Date "2021.08.03"]
[WhiteClock "0:00:45"]
[BlackClock "0:00:41"]

1. e4 c5 2. Nf3 d6 3. d4 Nf6 4. Bb5+ Bd7 5. Bxd7+ Qxd7 6. Nc3 cxd4 7. Nxd4 Nc6 8. O-O g6 9. Re1 Bg7 10. Nxc6 Qxc6 11. Qd3 O-O 12. Bf4 Rac8 13. Rad1 Qb6 14. Bc1 Qa5 15. a3 Rfe8 16. Nd5 Ng4 17. c3 e6 18. Nb4 Red8 19. Qg3 Ne5 20. h4 Nc4 21. Rd3 Ne5 22. Rdd1 Nc4 23. Rd3 Ne5 24. Rdd1 1/2-1/2


[Site "https://www.chess.com"]

[Event "Titled Tuesday Blitz August 3 2021"]
[White "Costachi, Mihnea"]
[Black "Sarana, Alexey"]
[WhiteFideId "1217518"]
[BlackFideId "24133795"]
[WhiteElo "2482"]
[BlackElo "2646"]
[Result "0-1"]
[Round "11"]
[TimeControl "180+1"]
[Date "2021.08.03"]
[WhiteClock "0:00:03"]
[BlackClock "0:00:32"]

1. d4 Nf6 2. c4 e6 3. Nf3 d5 4. Nc3 dxc4 5. e3 a6 6. Bxc4 b5 7. Bb3 Bb7 8. O-O Nbd7 9. e4 b4 10. e5 bxc3 11. exf6 Qxf6 12. bxc3 Bxf3 13. Qxf3 Qxf3 14. gxf3 Bd6 15. Ba4 Ke7 16. Bc6 Rab8 17. c4 Bb4 18. Bf4 Rb6 19. Be4 c5 20. Bc7 cxd4 21. a4 a5 22. Bxb6 Nxb6 23. Rfd1 Rc8 24. Rac1 Bc5 25. Rb1 Nxa4 26. Rb7+ Kf6 27. Ra1 Nc3 28. Rxa5 h5 29. Bd3 g5 30. Kg2 g4 31. fxg4 hxg4 32. Kg3 Bd6+ 33. Kxg4 Rh8 34. Raa7 Rf8 35. h4 Bc5 36. Ra5 Be7 37. Rd7 Nd1 38. Kf3 Nb2 39. Rxd4 Bb4 40. Rb5 Bc3 41. Rf4+ Ke7 42. Be2 f5 43. c5 e5 44. Rb3 e4+ 45. Ke3 Be5 46. h5 Na4 47. Rb7+ Kf6 48. Rh4 Nxc5 49. Rb6+ Kg5 50. Rh1 f4+ 51. Kd2 Rd8+ 52. Kc2 f3 53. Rg6+ Kf5 54. Bf1 Bf4 55. Bh3+ Ke5 56. Rd1 Nd3 57. Ra1 Nxf2 58. Ra5+ Kd4 59. Ra4+ Ke3 60. Re6 Rc8+ 61. Kb3 Rb8+ 62. Rb4 Rxb4+ 63. Kxb4 Nxh3 64. h6 Bxh6 65. Rxh6 Nf4 66. Rf6 f2 67. Rxf4 Kxf4 0-1


[Site "https://www.chess.com"]

[Event "Titled Tuesday Blitz August 3 2021"]
[White "Csonka, Balazs"]
[Black "Nazaretyan, Tigran"]
[WhiteFideId "742910"]
[BlackFideId "24162345"]
[WhiteElo "2404"]
[BlackElo "2214"]
[Result "1-0"]
[Round "11"]
[TimeControl "180+1"]
[Date "2021.08.03"]
[WhiteClock "0:00:27"]
[BlackClock "0:00:28"]

1. e4 c5 2. Nf3 Nc6 3. Bb5 g6 4. O-O Bg7 5. c3 Nf6 6. Re1 O-O 7. d4 d5 8. e5 Ne4 9. Be3 Qb6 10. Bxc6 bxc6 11. Qc1 cxd4 12. cxd4 Rb8 13. b3 a5 14. Nfd2 Nxd2 15. Qxd2 a4 16. bxa4 Bf5 17. Nc3 Qa5 18. h3 h5 19. f3 Qa6 20. g4 hxg4 21. hxg4 Bd3 22. Rad1 Bc4 23. Bh6 Rb7 24. Kf2 Rfb8 25. Kg3 Rb2 26. Qg5 Qc8 27. Bxg7 Kxg7 28. Rh1 f6 29. exf6+ exf6 30. Qh6+ Kf7 31. Qh7+ Ke6 32. Rde1+ Kd6 33. Qe7# 1-0


[Site "https://www.chess.com"]

[Event "Titled Tuesday Blitz August 3 2021"]
[White "Cunjalo, Faris"]
[Black "Zubov, Alexander"]
[WhiteFideId "14410710"]
[BlackFideId "14109409"]
[WhiteElo "2234"]
[BlackElo "2740"]
[Result "0-1"]
[Round "11"]
[TimeControl "180+1"]
[Date "2021.08.03"]
[WhiteClock "0:00:02"]
[BlackClock "0:00:44"]

1. d4 Nf6 2. c4 g6 3. Nc3 d5 4. cxd5 Nxd5 5. Bd2 Bg7 6. e4 Nb6 7. Be3 O-O 8. h3 e5 9. Nf3 exd4 10. Bxd4 Bxd4 11. Qxd4 Nc6 12. Qc5 Re8 13. Bb5 Bd7 14. O-O Qe7 15. Qxe7 Rxe7 16. Rfe1 a6 17. Bxc6 Bxc6 18. Nd4 Bd7 19. Rad1 Rc8 20. f3 c5 21. Nc2 Be6 22. Ne3 Rd7 23. Rxd7 Nxd7 24. Rd1 Kf8 25. f4 Nb8 26. f5 gxf5 27. exf5 Bd7 28. Ne4 Kg7 29. Kf2 Bc6 30. Nxc5 Bxg2 31. b4 Bc6 32. Rd6 b6 33. f6+ Kf8 34. Nd3 Nd7 35. Ng4 a5 36. Nde5 Nxe5 37. Nxe5 Be8 38. Rxb6 axb4 39. Rxb4 Rc5 40. Re4 Ra5 41. Re2 Ra6 42. Ng4 h5 43. Ne5 Rxf6+ 44. Kg3 Ra6 45. Kh4 f6 46. Nd3 Bb5 47. Re3 Ra3 48. Kxh5 Bxd3 49. Kh6 Kf7 50. Rf3 Ra8 0-1


[Site "https://www.chess.com"]

[Event "Titled Tuesday Blitz August 3 2021"]
[White "Damjanovic, Vladimir"]
[Black "Serikbay, Assel"]
[WhiteFideId "903795"]
[BlackFideId "13706799"]
[WhiteElo "2374"]
[BlackElo "2044"]
[Result "1-0"]
[Round "11"]
[TimeControl "180+1"]
[Date "2021.08.03"]
[WhiteClock "0:02:02"]
[BlackClock "0:00:03"]

1. e4 c5 2. Nf3 Nc6 3. Bb5 e6 4. Bxc6 bxc6 5. d3 d5 6. O-O Ne7 7. h4 g6 8. h5 f5 9. exf5 Nxf5 10. Bg5 Be7 11. Bxe7 Qxe7 12. Re1 O-O 13. Ne5 Qf6 14. Nd2 Ng7 15. Ng4 Qg5 16. hxg6 hxg6 17. Ne5 Nh5 18. Ndf3 Qf6 19. g3 Kg7 20. Qd2 Rh8 21. Kg2 Bb7 22. c4 d4 23. Qg5 Qxg5 24. Nxg5 Rae8 25. Nd7 Bc8 26. Ne5 Nf6 27. Re2 Rh5 28. f4 Reh8 29. Ngf3 Nd7 30. Nxd7 Bxd7 31. Re5 Bc8 32. Rxh5 Rxh5 33. Re1 Kf6 34. g4 Rh8 35. Re5 Bd7 36. Rxc5 Rb8 37. b3 a6 38. g5+ Ke7 39. Nxd4 Kd6 40. Re5 c5 41. Ne2 Bc6+ 42. Kg3 Rh8 43. d4 Rh1 44. dxc5+ Ke7 45. Nd4 Bb7 46. c6 Bc8 47. c5 Rg1+ 48. Kf2 Rd1 49. Nf3 Ra1 50. Re2 Rc1 51. b4 Rc4 52. Rb2 Rc3 53. a4 Rc4 54. b5 axb5 55. axb5 Rxf4 56. b6 Rc4 57. b7 Rxc5 58. bxc8=Q 1-0


[Site "https://www.chess.com"]

[Event "Titled Tuesday Blitz August 3 2021"]
[White "Diaz Perez, Michel Alejandro"]
[Black "Papasimakopoulos, Alexandros"]
[WhiteFideId "3517179"]
[BlackFideId "4244125"]
[WhiteElo "2337"]
[BlackElo "2352"]
[Result "1-0"]
[Round "11"]
[TimeControl "180+1"]
[Date "2021.08.03"]
[WhiteClock "0:00:08"]
[BlackClock "0:00:19"]

1. e4 e6 2. d4 d5 3. Nd2 Nf6 4. e5 Nfd7 5. Bd3 c5 6. c3 Nc6 7. Ne2 cxd4 8. cxd4 f6 9. exf6 Nxf6 10. O-O Bd6 11. Nf3 Qc7 12. h3 O-O 13. Be3 Bd7 14. Rc1 Be8 15. Ng5 Bf7 16. Nc3 a6 17. Re1 e5 18. dxe5 Bxe5 19. Bc5 Rfe8 20. Ne2 Bh5 21. g4 Bf7 22. Qc2 h6 23. Nxf7 Qxf7 24. Bg6 Qd7 25. Bxe8 Rxe8 26. Qf5 Qf7 27. Nf4 Bxb2 28. Rxe8+ Qxe8 29. Rb1 Nd4 30. Qd3 Qe4 31. Rxb2 Nf3+ 32. Kf1 Nh2+ 33. Kg1 Nf3+ 34. Kf1 Qxf4 35. Be3 Qh2 36. Rxb7 Qxh3+ 37. Ke2 Qxg4 38. Rb8+ Kf7 39. Rb7+ Ke8 40. Rb8+ Ke7 41. Bc5+ Kf7 42. Rb7+ Kg8 43. Rb8+ Kf7 44. Rf8+ Ke6 45. Qxa6+ Kf5 46. Qd3+ Qe4+ 47. Qxe4+ dxe4 48. Be3 Ke6 49. a4 Nd7 50. Ra8 h5 51. Ra6+ Kd5 52. a5 h4 53. Rg6 h3 54. Rxg7 Nb8 55. Rh7 h2 56. a6 Nxa6 57. Rh5+ Kc4 58. Bf4 Nb4 59. Bxh2 Nc2 60. Bf4 Nfd4+ 61. Kf1 Kd3 62. Rh3+ Nf3 63. Rh8 Ncd4 64. Be3 Nc2 65. Rd8+ Kc3 66. Bf4 Kc4 67. Bg3 Ncd4 68. Kg2 Kd3 69. Kh3 Ke2 70. Re8 Nd2 71. Kg4 Nb5 72. Bf4 Nc4 73. Rxe4+ Kd3 74. Re8 Nbd6 75. Bxd6 Nxd6 76. Rd8 Ke2 77. Rxd6 Kxf2 78. Re6 Kg2 79. Re2+ Kf1 80. Ra2 Kg1 81. Kf3 Kh1 82. Kg3 Kg1 83. Ra1# 1-0


[Site "https://www.chess.com"]

[Event "Titled Tuesday Blitz August 3 2021"]
[White "Drogovoz, Irina"]
[Black "Boraso, Alessio"]
[WhiteFideId "4176715"]
[BlackFideId "848077"]
[WhiteElo "2163"]
[BlackElo "2277"]
[Result "1-0"]
[Round "11"]
[TimeControl "180+1"]
[Date "2021.08.03"]
[WhiteClock "0:02:06"]
[BlackClock "0:01:24"]

1. d4 Nf6 2. c4 g6 3. Nc3 Bg7 4. e4 O-O 5. Nge2 d6 6. Ng3 h5 7. f3 c5 8. d5 e6 9. Bg5 exd5 10. Nxd5 Nbd7 11. Qd2 Re8 12. Be2 h4 13. Bxh4 Nxe4 14. Bxd8 Nxd2 15. Nc7 Rxd8 16. Nxa8 Bxb2 17. Rd1 Bc3 18. Rxd2 Bxd2+ 19. Kxd2 Nb6 20. Nxb6 Be6 21. Nd5 1-0


[Site "https://www.chess.com"]

[Event "Titled Tuesday Blitz August 3 2021"]
[White "Egorov, Evgeny"]
[Black "Krysa, Leandro"]
[WhiteFideId "13700421"]
[BlackFideId "116807"]
[WhiteElo "2422"]
[BlackElo "2490"]
[Result "0-1"]
[Round "11"]
[TimeControl "180+1"]
[Date "2021.08.03"]
[WhiteClock "0:00:12"]
[BlackClock "0:00:17"]

1. e4 c5 2. Nc3 e6 3. Nge2 a6 4. g3 b5 5. Bg2 Bb7 6. O-O d6 7. d4 cxd4 8. Nxd4 Nc6 9. Re1 Nxd4 10. Qxd4 Ne7 11. a4 Nc6 12. Qd1 b4 13. Nd5 Be7 14. Nxe7 Qxe7 15. b3 O-O 16. Bb2 Rac8 17. a5 Rfd8 18. Qh5 Ne5 19. Re2 Rc5 20. Bd4 Rb5 21. Qh4 Qxh4 22. gxh4 Rc8 23. Rd2 Ng6 24. Be3 Nxh4 25. f3 d5 26. e5 d4 27. Bxd4 Bxf3 28. Bf1 Bb7 29. Bxb5 Nf3+ 30. Kf2 Nxd2 31. Bd3 Ne4+ 32. Ke3 Nc5 33. Bc4 Kf8 34. Bxc5+ Rxc5 35. Kd4 Rc7 36. Ra4 g5 37. Rxb4 h5 38. Rb6 g4 39. Ke3 h4 40. Kf4 g3 41. hxg3 h3 42. Rd6 h2 43. Rd1 h1=Q 44. Rxh1 Bxh1 45. Ke3 Rc5 46. Bxa6 Rxa5 47. Bd3 Rxe5+ 48. Kd4 Rg5 49. b4 Rxg3 50. b5 Ke7 51. c4 Rxd3+ 52. Kxd3 Kd6 53. Kd4 Bb7 54. c5+ Ke7 55. Kc4 f5 56. Kb4 f4 57. Ka5 Kd7 58. Kb6 Kc8 59. c6 Bxc6 60. Kc5 Bxb5 61. Kd4 Bc6 62. Ke5 f3 63. Kf4 f2 64. Ke3 f1=Q 0-1


[Site "https://www.chess.com"]

[Event "Titled Tuesday Blitz August 3 2021"]
[White "Erdogdu, Mert"]
[Black "Silva, Miguel Antonio Neto"]
[WhiteFideId "6301495"]
[BlackFideId "1911929"]
[WhiteElo "2485"]
[BlackElo "2283"]
[Result "1-0"]
[Round "11"]
[TimeControl "180+1"]
[Date "2021.08.03"]
[WhiteClock "0:01:35"]
[BlackClock "0:01:21"]

1. e4 e5 2. Nf3 Nc6 3. Bc4 Bc5 4. d3 Nf6 5. O-O a6 6. a4 Ba7 7. c3 d6 8. Na3 Bg4 9. Nc2 h6 10. Ne3 Be6 11. a5 Bxc4 12. Nxc4 O-O 13. Be3 Re8 14. Bxa7 Rxa7 15. Re1 Ra8 16. Ne3 d5 17. Nf5 dxe4 18. dxe4 Qxd1 19. Rexd1 Rad8 20. Rxd8 Rxd8 21. Ng3 g6 22. Kf1 Kf8 23. Ke2 Ke7 24. b4 Ke6 25. Ne1 Rd6 26. Nd3 Nd7 27. Nf1 f5 28. Nd2 Nf6 29. Nc5+ Ke7 30. Nxb7 Rxd2+ 31. Kxd2 Nxe4+ 32. Ke1 Kd7 33. Rc1 Ne7 34. f3 Nf6 35. Nc5+ 1-0


[Site "https://www.chess.com"]

[Event "Titled Tuesday Blitz August 3 2021"]
[White "Eternauta2400"]
[Black "Zong, Davis"]
[BlackFideId "30903955"]
[WhiteElo "2535"]
[BlackElo "2383"]
[Result "0-1"]
[Round "11"]
[TimeControl "180+1"]
[Date "2021.08.03"]
[WhiteClock "0:02:04"]
[BlackClock "0:01:19"]

1. Nf3 Nf6 2. g3 d5 3. c4 c6 4. Bg2 Bg4 5. Ne5 Bf5 6. O-O e6 7. d4 Be7 8. Nc3 O-O 9. Re1 Nbd7 10. Bf4 Nxe5 11. dxe5 Ne4 12. Nxe4 Bxe4 13. Bxe4 dxe4 14. Qc2 Qb6 15. b3 Bc5 16. e3 Rad8 17. Qxe4 Rd2 18. Qf3 Rfd8 19. Red1 Qa5 20. Rxd2 Qxd2 21. h4 Qc2 22. Kg2 Rd2 23. h5 h6 24. Rh1 Qxa2 25. Rh4 Qc2 26. Bxh6 gxh6 27. Rg4+ Kf8 28. Qf6 Qh7 29. Rg6 Bxe3 30. Kh3 Bg5 31. Rxg5 hxg5 32. Qxg5 Qf5+ 0-1


[Site "https://www.chess.com"]

[Event "Titled Tuesday Blitz August 3 2021"]
[White "Filippova, Margarita"]
[Black "Sokolin, Leonid"]
[WhiteFideId "34199680"]
[BlackFideId "2009161"]
[WhiteElo "1829"]
[BlackElo "2394"]
[Result "1-0"]
[Round "11"]
[TimeControl "180+1"]
[Date "2021.08.03"]
[WhiteClock "0:01:06"]
[BlackClock "0:00:39"]

1. Nf3 Nf6 2. c4 e6 3. Nc3 d5 4. d4 c5 5. cxd5 cxd4 6. Nxd4 Nxd5 7. g3 Nxc3 8. bxc3 Be7 9. Bg2 O-O 10. O-O Nd7 11. Bb2 Nc5 12. c4 Bf6 13. Rb1 a6 14. e3 Qc7 15. Nb3 Bxb2 16. Rxb2 Rd8 17. Rd2 Rxd2 18. Qxd2 Nd7 19. c5 g6 20. Qd6 Qxd6 21. cxd6 Rb8 22. Rc1 Kf8 23. Rc7 Ke8 24. Na5 b6 25. Nc6 Ra8 26. Ne7 1-0


[Site "https://www.chess.com"]

[Event "Titled Tuesday Blitz August 3 2021"]
[White "Florescu, Codrut-Constantin"]
[Black "Buscar, Michael"]
[WhiteFideId "1202200"]
[BlackFideId "2603616"]
[WhiteElo "2243"]
[BlackElo "2010"]
[Result "1-0"]
[Round "11"]
[TimeControl "180+1"]
[Date "2021.08.03"]
[WhiteClock "0:00:26"]
[BlackClock "0:00:07"]

1. d4 Nf6 2. c4 e6 3. Nf3 d5 4. Bg5 c6 5. e3 Be7 6. Nc3 Nbd7 7. Qc2 O-O 8. Rd1 b6 9. cxd5 cxd5 10. Bd3 Bb7 11. O-O Qc8 12. Qe2 a5 13. Bxf6 Nxf6 14. Ne5 Ba6 15. Nb5 Qb7 16. Rc1 Rfc8 17. a4 Nd7 18. Bxh7+ Kxh7 19. Qh5+ Kg8 20. Qxf7+ Kh7 21. Qg6+ Kg8 22. Qxe6+ Kh7 23. Qxe7 Nxe5 24. Qxe5 Bxb5 25. axb5 Qf7 26. Rc6 a4 27. Rfc1 Re8 28. Qg3 a3 29. bxa3 Rxa3 30. Rxb6 Rc8 31. Rbc6 Rf8 32. h3 Ra2 33. R6c2 Ra3 34. Rb2 Qh5 35. b6 Ra6 36. Qg4 Qh6 37. Rc7 Rf6 38. b7 Rg6 39. b8=Q Ra1+ 40. Rb1 Rxg4 41. hxg4 Ra6 42. Rc8 Qg5 43. Rh8+ Kg6 44. Qe8+ Kf6 45. Rf8# 1-0


[Site "https://www.chess.com"]

[Event "Titled Tuesday Blitz August 3 2021"]
[White "Gallegos Diaz, Carlos Alberto"]
[Black "Reprintsev, Alexander"]
[WhiteFideId "3900886"]
[BlackFideId "14100541"]
[WhiteElo "2362"]
[BlackElo "2126"]
[Result "0-1"]
[Round "11"]
[TimeControl "180+1"]
[Date "2021.08.03"]
[WhiteClock "0:00:13"]
[BlackClock "0:01:50"]

1. e4 d5 2. d3 dxe4 3. dxe4 Qxd1+ 4. Kxd1 Nc6 5. Be3 f5 6. Nd2 fxe4 7. Nxe4 Bf5 8. Bd3 O-O-O 9. Ke2 Nf6 10. Nd6+ exd6 11. Bxf5+ Kb8 12. Nf3 g6 13. Bd3 Bg7 14. c3 Rhe8 15. Bb5 Ng4 16. Bxc6 bxc6 17. Kd3 Nxe3 18. fxe3 c5 19. Rae1 d5 20. Rhf1 c4+ 21. Kd2 c5 22. Ng5 h6 23. Nf7 Rd7 24. Rf3 d4 25. exd4 Rxe1 26. Kxe1 cxd4 27. cxd4 Bxd4 28. b3 c3 29. Kd1 Bf6+ 30. Kc2 Rxf7 31. g4 g5 32. Rf5 Kc7 33. b4 Kd6 34. a4 Ke6 35. b5 Rd7 36. a5 Rd2+ 37. Kb3 Rb2+ 38. Kc4 c2 39. Rf1 Rb1 0-1


[Site "https://www.chess.com"]

[Event "Titled Tuesday Blitz August 3 2021"]
[White "Gokerkan, Cem Kaan"]
[Black "Bluebaum, Matthias"]
[WhiteFideId "6336760"]
[BlackFideId "24651516"]
[WhiteElo "2361"]
[BlackElo "2685"]
[Result "1-0"]
[Round "11"]
[TimeControl "180+1"]
[Date "2021.08.03"]
[WhiteClock "0:00:08"]
[BlackClock "0:00:04"]

1. e4 c6 2. d4 d5 3. e5 Bf5 4. Nd2 e6 5. Nb3 Qc7 6. Nf3 a6 7. Be2 Nd7 8. O-O c5 9. dxc5 Bxc5 10. Nxc5 Nxc5 11. Be3 Ne7 12. c4 dxc4 13. Qd6 Rc8 14. Rac1 b5 15. Rfd1 Nd5 16. Bxc5 Qxc5 17. Qxa6 O-O 18. Nd4 Nf4 19. Bf1 Bd3 20. Qd6 Rfd8 21. Qxc5 Rxc5 22. Ne2 Nxe2+ 23. Bxe2 Rcd5 24. Bxd3 Rxd3 25. Rxd3 Rxd3 26. Kf1 g5 27. Rc3 Rd2 28. b3 cxb3 29. axb3 Rb2 30. Rg3 Kf8 31. Rxg5 Rxb3 32. Rg4 b4 33. Rh4 Kg7 34. Rg4+ Kf8 35. Rh4 Ke7 36. Rxh7 Ra3 37. Rh8 Kd7 38. Rb8 Ra4 39. h4 Kc6 40. h5 Kc5 41. h6 Ra1+ 42. Ke2 Rh1 43. Rb7 Rxh6 44. Rxf7 b3 45. Rb7 Kc4 46. f4 Kc3 47. Kf3 Rh1 48. g4 b2 49. f5 Rf1+ 50. Ke4 Re1+ 51. Kf4 Rf1+ 52. Kg5 exf5 53. gxf5 Re1 54. e6 Re4 55. Kf6 Rb4 56. Rxb4 Kxb4 57. e7 b1=Q 58. e8=Q Qa1+ 59. Qe5 Qh1 60. Ke6 Ka4 61. f6 Qh3+ 62. Ke7 Qh4 63. Kd7 Qh3+ 64. Kd6 Qd3+ 65. Kc7 Qc4+ 66. Kd7 Qd3+ 67. Qd6 Qf5+ 68. Kd8 Qg5 69. Qe7 Qd5+ 70. Qd7+ Qc6 71. Qxc6+ 1-0


[Site "https://www.chess.com"]

[Event "Titled Tuesday Blitz August 3 2021"]
[White "Grachev, Boris"]
[Black "Rasulov, Vugar"]
[WhiteFideId "4129199"]
[BlackFideId "13402390"]
[WhiteElo "2595"]
[BlackElo "2553"]
[Result "0-1"]
[Round "11"]
[TimeControl "180+1"]
[Date "2021.08.03"]
[WhiteClock "0:00:04"]
[BlackClock "0:00:46"]

1. d4 Nf6 2. Bf4 c5 3. d5 d6 4. Nc3 a6 5. a4 g6 6. e4 Bg7 7. h3 O-O 8. Nf3 Re8 9. Be2 e6 10. dxe6 Rxe6 11. O-O Nxe4 12. Nxe4 Rxe4 13. Bxd6 Rxe2 14. Qxe2 Qxd6 15. Rad1 Qf8 16. Rfe1 Nc6 17. c3 Be6 18. Ng5 Bb3 19. Rd7 h6 20. Ne4 b6 21. Rc7 Ne5 22. f4 Bc4 23. Qe3 Qd8 24. Rb7 Bd5 25. Rd1 Nc4 26. Qe2 Na5 27. Rxb6 Qxb6 28. Rxd5 c4+ 29. Kh2 Rd8 30. Qf2 Qc7 31. Qc5 Qxc5 32. Rxc5 Nb3 33. Rxc4 Re8 34. Nd6 Re2 35. Rc7 Nd2 36. Nxf7 Nf1+ 37. Kg1 Ne3 38. Nd8 Rxg2+ 39. Kh1 Rxb2 40. Ne6 Bf6 41. Rc6 Kf7 42. Rxa6 Nf5 43. Kg1 Bxc3 44. Kf1 Ng3+ 45. Kg1 Bf6 46. a5 Re2 47. f5 gxf5 48. Rb6 Rxe6 49. Rxe6 Kxe6 50. Kg2 Ne4 51. a6 Bd4 52. Kf3 Ke5 53. h4 Ba7 54. h5 Nc5 55. Ke3 Nxa6+ 56. Kf3 Nc5 57. Kg3 Ne4+ 58. Kh4 Nf6 59. Kg3 Nxh5+ 60. Kh4 Nf6 61. Kg3 f4+ 62. Kh4 Kf5 63. Kh3 f3 64. Kg3 f2 65. Kg2 Kf4 66. Kf1 h5 67. Kg2 h4 68. Kf1 h3 69. Ke2 h2 0-1


[Site "https://www.chess.com"]

[Event "Titled Tuesday Blitz August 3 2021"]
[White "Gunina, Valentina"]
[Black "Karttunen, Mika"]
[WhiteFideId "4167570"]
[BlackFideId "502081"]
[WhiteElo "2399"]
[BlackElo "2343"]
[Result "1-0"]
[Round "11"]
[TimeControl "180+1"]
[Date "2021.08.03"]
[WhiteClock "0:00:15"]
[BlackClock "0:00:01"]

1. d4 Nf6 2. c4 g6 3. Nc3 d5 4. cxd5 Nxd5 5. e4 Nxc3 6. bxc3 Bg7 7. Bc4 O-O 8. Ne2 c5 9. O-O Qc7 10. Bf4 Qa5 11. Rb1 a6 12. Bd5 Nc6 13. Qb3 e5 14. dxe5 Nxe5 15. Bxe5 Bxe5 16. f4 Bg7 17. h3 Rb8 18. Qb6 Qxb6 19. Rxb6 Re8 20. Rfb1 Ra8 21. Kf2 Ra7 22. Kf3 Be6 23. Bxe6 fxe6 24. Rxb7 Rxb7 25. Rxb7 e5 26. f5 gxf5 27. exf5 e4+ 28. Kf2 Be5 29. Rb6 Rd8 30. Ke3 Bxc3 31. Kxe4 Bd2 32. Rxa6 Rc8 33. Kd3 Be1 34. Kc4 Re8 35. Re6 Ra8 36. Kxc5 Rxa2 37. Kc4 Bh4 38. g3 Bg5 39. h4 Bd2 40. Kb3 Ra5 41. Kc2 Bb4 42. Nd4 Rc5+ 43. Kd3 Rc3+ 44. Ke4 Rxg3 45. Rb6 Bc3 46. Ne6 Bf6 47. Rb8+ Kf7 48. Rb7+ Ke8 49. Nc7+ Kd8 50. Nd5 Bxh4 51. Rxh7 Rg4+ 52. Kf3 Ra4 53. Nf4 1-0


[Site "https://www.chess.com"]

[Event "Titled Tuesday Blitz August 3 2021"]
[White "Hansen, Sune Berg"]
[Black "Lee, Linden"]
[WhiteFideId "1400266"]
[BlackFideId "30941830"]
[WhiteElo "2650"]
[BlackElo "2508"]
[Result "1-0"]
[Round "11"]
[TimeControl "180+1"]
[Date "2021.08.03"]
[WhiteClock "0:00:12"]
[BlackClock "0:00:26"]

1. e4 c6 2. d4 d5 3. e5 Bf5 4. Nf3 e6 5. Be2 Nd7 6. O-O c5 7. Nbd2 Ne7 8. c4 Bg6 9. Re1 cxd4 10. Nxd4 Nc6 11. Nxc6 bxc6 12. Nf3 Bc5 13. Bd3 O-O 14. Be3 Qb6 15. cxd5 cxd5 16. Bxc5 Nxc5 17. Bxg6 hxg6 18. Ng5 Qxb2 19. Re2 Qb6 20. Rb1 Qd8 21. h4 Rb8 22. Rc1 Qb6 23. Qd4 Rbc8 24. Rce1 Nd7 25. Qg4 Rc4 26. Qh3 Qd4 27. h5 gxh5 28. Re4 dxe4 29. Qxh5 Rfc8 30. Qxf7+ Kh8 31. Qh5+ Kg8 32. Qh7+ Kf8 33. Nxe6+ Ke7 34. Nxd4 Rxd4 35. Rxe4 Rd1+ 36. Kh2 Kf7 37. Rf4+ Ke6 38. Qxg7 Nxe5 39. Re4 Rc5 40. Rxe5+ Rxe5 41. Qg4+ Kf6 42. Qxd1 Rh5+ 43. Qxh5 1-0


[Site "https://www.chess.com"]

[Event "Titled Tuesday Blitz August 3 2021"]
[White "Heinemann, Josefine"]
[Black "Manukian, Artak"]
[WhiteFideId "12900460"]
[BlackFideId "13301373"]
[WhiteElo "2300"]
[BlackElo "2363"]
[Result "1-0"]
[Round "11"]
[TimeControl "180+1"]
[Date "2021.08.03"]
[WhiteClock "0:00:40"]
[BlackClock "0:00:01"]

1. Nf3 c6 2. g3 d5 3. Bg2 Bg4 4. O-O Nd7 5. d4 e6 6. h3 Bh5 7. Nbd2 Bd6 8. e4 dxe4 9. Nxe4 Be7 10. Bf4 Ndf6 11. Nc5 Bxc5 12. dxc5 Qxd1 13. Raxd1 Nd5 14. Bc1 O-O-O 15. c4 Nc7 16. Rxd8+ Kxd8 17. Ne5 f6 18. Nd3 Ne7 19. Nf4 Bf7 20. Rd1+ Kc8 21. b3 Rd8 22. Rxd8+ Kxd8 23. g4 e5 24. Ne2 Bg6 25. Nc3 Na6 26. Ba3 Kd7 27. h4 h6 28. h5 Bc2 29. Kf1 Nc7 30. Bc1 Ne6 31. Be3 f5 32. gxf5 Nxf5 33. Be4 Bxe4 34. Nxe4 Nxe3+ 35. fxe3 Nf8 36. Ke2 Nh7 37. Nd6 b6 38. Nf5 bxc5 39. Nxg7 Nf6 40. Nf5 Nxh5 41. Nxh6 Nf6 42. Nf5 Ne4 43. Kd3 Nf2+ 44. Kc2 Ke6 45. Ng3 e4 46. Kd2 Ke5 47. Ne2 Nd3 48. Nc3 Nb4 49. a3 Na6 50. Na4 1-0


[Site "https://www.chess.com"]

[Event "Titled Tuesday Blitz August 3 2021"]
[White "Ibrahimli, Murad"]
[Black "Khoroshev, Nikita"]
[WhiteFideId "13410229"]
[BlackFideId "14200287"]
[WhiteElo "2109"]
[BlackElo "2328"]
[Result "1-0"]
[Round "11"]
[TimeControl "180+1"]
[Date "2021.08.03"]
[WhiteClock "0:00:16"]
[BlackClock "0:00:02"]

1. Nf3 Nf6 2. g3 b6 3. Bg2 Bb7 4. O-O e6 5. c4 Be7 6. Nc3 O-O 7. d4 d5 8. Ne5 Na6 9. cxd5 exd5 10. Bf4 c5 11. Rc1 Ne4 12. Nxe4 dxe4 13. dxc5 Nxc5 14. Qc2 f6 15. Nc4 Rc8 16. Rfd1 Qe8 17. Nd6 Bxd6 18. Bxd6 Rf7 19. Bh3 f5 20. Qb1 e3 21. f3 Qe6 22. b4 Na6 23. Rxc8+ Bxc8 24. Bf4 h6 25. Rd3 Qc4 26. a3 g5 27. Bxe3 g4 28. fxg4 fxg4 29. Bg2 Bf5 30. Rd8+ Kh7 31. Qb2 Rg7 32. Rd6 Bg6 33. Bd5 Qc7 34. Bf4 Qe7 35. Qe5 Qxe5 36. Bxe5 Re7 37. Bf4 Nc7 38. Bc4 h5 39. Kf2 b5 40. Bb3 a6 41. Rc6 Bf5 42. Rxc7 1-0


[Site "https://www.chess.com"]

[Event "Titled Tuesday Blitz August 3 2021"]
[White "Ilyasli, Ughur"]
[Black "Sarkar, Justin"]
[WhiteFideId "13416197"]
[BlackFideId "2010011"]
[WhiteElo "2051"]
[BlackElo "2072"]
[Result "0-1"]
[Round "11"]
[TimeControl "180+1"]
[Date "2021.08.03"]
[WhiteClock "0:00:03"]
[BlackClock "0:00:01"]

1. e4 e5 2. Nf3 Nc6 3. Bb5 a6 4. Ba4 Nf6 5. O-O Be7 6. Re1 b5 7. Bb3 d6 8. c3 O-O 9. h3 Na5 10. Bc2 c5 11. d4 Qc7 12. Nbd2 cxd4 13. cxd4 Bb7 14. b4 Rac8 15. Bb1 Qc3 16. bxa5 Qxa1 17. Nb3 Qxb1 18. dxe5 dxe5 19. Nxe5 Qxa2 20. Nd4 Rfd8 21. Be3 Nxe4 22. Qg4 Nf6 23. Qg3 Bd6 24. Nf5 Nh5 25. Nh6+ Kf8 26. Qg5 Qd5 27. Nhxf7 Bxe5 28. Nxe5 Qxg2+ 29. Qxg2 Bxg2 30. Kxg2 Nf6 31. Bb6 Rd5 32. Nf3 Rc2 33. Re6 h6 34. Ne1 Ra2 35. Rc6 b4 36. Bc5+ Rxc5 37. Rxc5 Rxf2+ 38. Kg1 Re2 39. Nd3 b3 40. Rc6 Rd2 0-1


[Site "https://www.chess.com"]

[Event "Titled Tuesday Blitz August 3 2021"]
[White "Iskusnyh, Sergei"]
[Black "Obolentseva, Alexandra"]
[WhiteFideId "4120027"]
[BlackFideId "24153648"]
[WhiteElo "2492"]
[BlackElo "2113"]
[Result "1-0"]
[Round "11"]
[TimeControl "180+1"]
[Date "2021.08.03"]
[WhiteClock "0:00:58"]
[BlackClock "0:00:19"]

1. d4 Nf6 2. c4 g6 3. g3 Bg7 4. Bg2 O-O 5. Nc3 d6 6. Nf3 c5 7. dxc5 dxc5 8. Be3 Nbd7 9. O-O Qb6 10. Qb3 Ng4 11. Bf4 Qxb3 12. axb3 e6 13. Rfd1 Nge5 14. Rd2 Nxf3+ 15. Bxf3 Be5 16. Be3 f5 17. Nb5 a6 18. Nd6 Nf6 19. Bxc5 Rd8 20. Rad1 Bxd6 21. Rxd6 Rxd6 22. Rxd6 Kf7 23. Rd8 Nd7 24. Bxb7 1-0


[Site "https://www.chess.com"]